 Dungeon Crawl Stone Soup version 0.28-a0-1206-g193881aaa2 (webtiles) character file.

Game seed: 17233273002818780079

109 SensoryNuts the Skirmisher (level 4, -1/35 HPs)
             Began as a Demonspawn Fighter on Dec 20, 2021.
             Slain by a gnoll (7 damage)
             ... on level 3 of the Dungeon.
             The game lasted 00:01:47 (2193 turns).

SensoryNuts the Skirmisher (Demonspawn Fighter)     Turns: 2193, Time: 00:01:48

Health: -1/35      AC:  6    Str: 18    XL:     4   Next: 60%
Magic:  4/4        EV: 10    Int: 10    God:
Gold:   66         SH:  4    Dex: 12    Spells: 3/3 levels left

rFire   . . .      SeeInvis .   a - +0 long sword
rCold   . . .      Faith    .   c - +0 buckler
rNeg    . . .      Spirit   .   b - +0 scale mail
rPois   .          Reflect  .   (no helmet)
rElec   .          Harm     .   (no cloak)
rCorr   .          Rampage  .   (no gloves)
Will    .....                   (no boots)
Stlth   ..........              (no amulet)
HPRegen 0.11/turn               (no ring)
MPRegen 0.09/turn               (no ring)

@: mighty
A: foul stench 2, sturdy frame 1
a: no special abilities


You were on level 3 of the Dungeon.
You visited 1 branch of the dungeon, and saw 3 of its levels.

You collected 66 gold pieces.

Inventory:

Hand Weapons
 a - a +0 long sword (weapon)
Armour
 b - a +0 scale mail (worn)
 c - a +0 buckler (worn)
 i - a +0 cloak
Wands
 j - a wand of paralysis (12)
Scrolls
 f - a scroll of enchant weapon {unknown}
 g - 2 scrolls of identify {unknown}
 h - a scroll of fear {unknown}
Potions
 e - a potion of degeneration {unknown}


   Skills:
 + Level 3.5 Fighting
 * Level 2.9 Long Blades
 + Level 3.3 Armour
 + Level 0.3 Dodging
 + Level 3.2 Shields


You had 3 spell levels left.
You didn't know any spells.
Your spell library contained the following spells:

 Spells                   Type           Power      Damage    Failure   Level
 Corpse Rot               Necr/Air       0%         N/A       78%         2
 Poisonous Vapours        Pois/Air       0%         N/A       78%         2


Dungeon Overview and Level Annotations

Branches:
Dungeon (3/15)

Altars:
Hepliaklqana


Innate Abilities, Weirdness & Mutations

You sometimes emit foul miasma when damaged in melee.
Your movements are slightly less encumbered by armour. (ER -2)


Message History

Your scale mail prevents you from hitting the bat.
You block the bat's attack. The bat hits you but does no damage.
You slice the bat!!
You kill the bat!
You closely miss the rat. You hit the rat.
You kill the rat!
The rat bites you. The rat bites you but does no damage.
The gnoll barely misses you. The rat bites you.
Things that are here:
a rat corpse; a bat corpse You barely miss the gnoll.
The gnoll barely misses you. The rat bites you but does no damage.
The gnoll hits you but does no damage.
You completely miss the gnoll. The rat barely misses you.
The gnoll hits you with a +0 club.
You emit a cloud of foul miasma!
You closely miss the gnoll. The rat bites you but does no damage.
The gnoll is engulfed in dark miasma.
The gnoll is poisoned.
You block the gnoll's attack. The rat bites you but does no damage.
You closely miss the gnoll.
The gnoll is severely wounded.
The gnoll is engulfed in dark miasma.
The gnoll looks even sicker.
The gnoll seems to slow down.
You kill the gnoll!
You block the rat's attack. The gnoll hits you but does no damage.
The gnoll hits you from afar with a +0 halberd!
The gnoll hits you from afar with a +0 spear.
You see here a +0 club.
You completely miss the gnoll. The gnoll closely misses you. The rat bites you.
The gnoll hits you from afar with a +0 halberd!
* * * LOW HITPOINT WARNING * * *
The gnoll barely misses you. x2
You slash the gnoll!
You kill the gnoll!
The rat barely misses you. You block the gnoll's attack.
The gnoll hits you from afar with a +0 spear.
* * * LOW HITPOINT WARNING * * *
The rat closely misses you. The gnoll closely misses you.
The gnoll hits you with a +0 spear!
You die...

#.# #... #.#
+... #.#
#... #.#
..... #.#
##... #)#
#... #.#
####### ...
#.###.......
...
#.r)@g......
#####g......
.......
>......
.......
.......
.......
##+###+


You could see 2 gnolls and a rat.

Vanquished Creatures
  3 gnolls
  A worm (D:2)
  3 dart slugs
  4 orcs (D:3)
  6 ball pythons
  8 bats
  5 endoplasms
  4 giant cockroaches
  6 goblins
  4 hobgoblins
  2 jackals (D:1)
  6 kobolds
  2 quokkas
  4 frilled lizards
  6 rats
64 creatures vanquished.

Notes
Turn   | Place    | Note
-------+----------+-------------------------------------------
     0 | D:1      | SensoryNuts the Demonspawn Fighter began the quest for the
                  | Orb.
     0 | D:1      | Reached XP level 1. HP: 18/18 MP: 1/1
   286 | D:1      | Gained mutation: You may rarely emit foul miasma when
                  | damaged in melee. [demonic ancestry]
   286 | D:1      | Reached XP level 2. HP: 14/24 MP: 2/2
   574 | D:1      | Gained mutation: Your movements are slightly less
                  | encumbered by armour. (ER -2) [demonic ancestry]
   574 | D:1      | Reached XP level 3. HP: 28/29 MP: 3/3
  1582 | D:2      | Found a faded altar of an unknown god.
  1796 | D:2      | Gained mutation: You sometimes emit foul miasma when
                  | damaged in melee. [demonic ancestry]
  1796 | D:2      | Reached XP level 4. HP: 35/35 MP: 4/4
  1995 | D:3      | Found a hazy altar of Hepliaklqana.
  2193 | D:3      | Slain by a gnoll

Illustrated notes

Levels and vault maps discovered:
D:1:      wander_arrival_desolate, layout_loops_cross
D:2:      layout_basic, basic_ecumenical_altar, amethyst_killhole,
          lightli_corner_chamber
D:3:      layout_basic, amcnicky_altar_gilded, uniq_ijyb

Skill      XL: |  1  2 |
---------------+-------+-----
Long Blades    | 2 |  2.9
Armour         | 3 |  3.3
Shields        | 3 |  3.2
Fighting       | |  3.5
Dodging        | |  0.3

Action                   |  1- 3 |  4- 6 || total
-------------------------+-------+-------++-------
Melee: Long sword        |   119 |    48 ||   167
  Use: Potion            |       |     1 ||     1
Armor: Scale mail        |    73 |    29 ||   102
Dodge: Dodged            |    59 |    34 ||    93
Block: Buckler           |    33 |    15 ||    48

Table legend: (Time is in decaauts)
 A = Elapsed time spent in this place.
 B = Non-inter-level travel time spent in this place.
 C = Inter-level travel time spent in this place.
 D = Time resting spent in this place.
 E = Time spent auto-exploring this place.
 F = Levels seen in this place.
 G = Mean time per level.
                   A        B        C        D        E       F      G
               +--------+--------+--------+--------+--------+-----+--------+
         Total |   2244 |   2179 |     65 |      0 |   1776 |   3 |  748.0 |
       Dungeon |   2244 |   2179 |     65 |      0 |   1776 |   3 |  748.0 |
               +--------+--------+--------+--------+--------+-----+--------+

Top non-repeatable levels by time:
     D:2: 1028 daAuts
     D:1: 1005 daAuts
     D:3: 210 daAuts
